Map: Mist Opportunities

Players

Wilkenson

  • Race: Terran Terran
  • Spawn Location: 5:00

NamroodTuo

  • Race: Zerg Zerg

VOD

Have the link to the VOD?

Description

Time

  • Played on: March 5, 2023, 1:44 p.m.
  • Length: 29:19
Show
View Real Time Build Order
Export as new Build Order

Wilkenson Terran 

Build Orders:  

Get SALT Encoding   

  12  0:09  SCV  
  13  0:26  SCV  
  14  0:40  Supply Depot  
  14  0:43  SCV  
  15  1:00  SCV  
  15  1:02  Barracks  
  15  1:09  Refinery  
  16  1:18  SCV  
  16  1:19  Refinery  
  17  1:38  Orbital Command  
  17  2:06  Barracks Reactor  
  17  2:07  Barracks  
  17  2:21  SCV  
  18  2:30  Bunker  
  18  2:48  Supply Depot  
  18  2:52  Barracks Reactor  
  18  2:55  SCV  
  19  3:04  Engineering Bay  
  19  3:05  Marine  
  20  3:12  Marine  
  20  3:19  SCV  
  22  3:22  Marine  
  23  3:44  Supply Depot  
  23  3:55  Marine x3  
  26  4:02  SCV  
  27  4:19  SCV  
  28  4:31  Marine  
  28  4:32  Marine x2  
  28  4:37  SCV  
  32  4:57  Marine x2  
  32  5:01  Marine  
  35  5:10  SCV  
  36  5:43  Command Center  
  36  5:44  Marine x2  
  36  5:45  Marine  
  39  6:17  Refinery  
  39  6:28  Refinery  
  39  6:53  Barracks  
  39  6:58  Barracks  
  39  7:14  Starport  
  39  7:21  Marine x4  
  39  7:23  SCV  
  44  7:33  Orbital Command  
  44  7:40  SCV  
  44  7:44  Barracks Tech Lab x2  
  45  7:57  SCV  
  46  8:14  SCV  
  46  8:16  Medic  
  49  8:20  Medic  
  49  8:23  Supply Depot  
  49  8:24  Supply Depot  
  49  8:26  Supply Depot  
  49  8:28  Supply Depot  
  51  8:30  Medic  
  51  8:31  SCV  
  51  8:35  Medic  
  53  8:42  Medic  
  53  8:48  SCV  
  56  8:57  Medic x2  
  56  9:07  Medic  
  60  9:18  Firebat  
  60  9:19  Medic  
  62  9:29  Medic  
  66  9:36  Marine x2  
  70  9:41  Marine  
  70  9:46  Marine  
  68  9:59  Marauder  
  63  10:02  Medic  
  67  10:10  SCV x2  
  69  10:27  SCV x2  
  71  10:37  Marine x2, Marauder  
  71  10:38  Marauder  
  71  10:40  Marine  
  71  10:43  SCV  
  71  10:44  SCV  
  80  10:53  Marauder x2  
  77  11:05  Marauder  
  77  11:06  Marauder  
  79  11:18  Marauder  
  81  11:31  Barracks, Starport Tech Lab  
  81  11:46  Marine  
  81  11:47  Marine x2, Marauder  
  86  12:08  Marauder  
  86  12:09  Marine  
  86  12:12  Marauder  
  86  12:23  Terran Infantry Armor Level 1  
  86  12:26  Engineering Bay  
  86  12:34  Marine  
  86  12:35  Marine x2  
  86  12:44  Marine  
  85  13:50  Marine  
  86  14:12  Marine x2  
  86  14:13  Marine x3, Medic x2, Supply Depot  
  86  14:16  Supply Depot  
  86  14:19  Supply Depot  
  89  14:23  Marine x3, Medic x2  
  77  14:33  Medic x2  
  65  14:43  Marine  
  65  14:44  Marine x4, Medic x2  
  60  14:54  Marine x5, Medic, Marauder  
  65  15:04  Marine x2, Marauder  
  65  15:07  Marauder  
  71  15:24  SCV x2  
  73  15:37  Starport  
  73  15:38  Starport  
  73  15:41  SCV x2  
  73  15:43  Marine  
  73  15:45  Marine  
  73  15:46  Marine  
  73  15:48  Supply Depot  
  73  15:49  Supply Depot  
  78  15:52  Supply Depot  
  78  15:53  Supply Depot  
  78  15:58  SCV x2  
  77  16:10  Marine x3, Medic x2  
  77  16:11  Marine  
  77  16:14  Marine  
  77  16:15  SCV x2  
  66  16:20  Marine  
  66  16:22  Marine  
  66  16:25  Marine  
  66  16:29  Marine  
  63  16:32  SCV x2  
Show
View Real Time Build Order
Export as new Build Order

NamroodTuo Zerg 

Build Orders:  

Get SALT Encoding   

  12  0:05  Infested SCV  
  13  0:27  Infested Barracks  
  13  0:43  Overlord  
  13  0:49  Infested SCV  
  14  0:56  Overlord  
  14  1:12  Infested SCV  
  14  1:17  Infested SCV  
  14  1:19  Infested SCV  
  17  1:32  Infested SCV  
  18  1:40  Infested Engineering Bay  
  18  1:42  Infested SCV  
  19  2:00  Infestation Level 1  
  19  2:05  Infested SCV  
  20  2:11  Infested SCV  
  21  2:30  Infested SCV  
  22  2:43  Infested SCV  
  23  2:53  Infested Refinery  
  23  2:56  Infested Refinery  
  23  2:57  Infested SCV  
  24  3:18  Overlord  
  24  3:32  Infested SCV  
  25  3:46  Infested SCV  
  26  4:07  Infested SCV  
  26  4:10  Stukov Infantry Weapons Level 1  
  27  4:15  Infested Barracks Tech Lab  
  27  4:21  Infested SCV  
  28  4:41  Infested Factory  
  28  4:43  Infested SCV  
  33  4:55  Infested Bunker  
  33  5:09  Infested Marine x4  
  37  5:10  Infested Marine x2  
  39  5:21  Overlord x2  
  39  5:22  Overlord  
  39  5:37  Overlord  
  39  5:41  Infested Marine  
  39  5:47  Infested Marine x3  
  39  5:48  Infested Marine x4  
  39  5:49  Infested Marine x3  
  46  6:23  Infested Factory Tech Lab  
  46  6:26  Retinal Augmentation  
  46  6:29  Infestation Level 2  
  44  6:40  Infested Armory, Infested SCV x2  
  44  6:41  Infested SCV  
  44  6:44  Overlord  
  44  6:49  Stukov Infantry Armor Level 1  
  36  7:11  Infested Command Center  
  36  7:45  Infested Bunker  
  40  7:53  Infested Marine  
  40  7:54  Infested Marine x5  
  46  8:09  Infested Marine x3  
  49  8:10  Infested Marine x4  
  53  8:21  Stukov Vehicle and Ship Weapons Level 1  
  53  8:52  Infested SCV  
  53  8:54  Overlord  
  53  8:55  Overlord x2  
  42  9:29  Stukov Infantry Weapons Level 2  
  37  9:40  Infested Bunker  
  37  9:45  Infested Marine x7  
  37  9:46  Infested Marine x3  
  51  9:52  Infested SCV  
  51  9:53  Infested SCV x2  
  51  9:58  Infested SCV  
  51  9:59  Infested SCV  
  56  10:19  Infested SCV  
  57  10:32  Infested SCV x3  
  57  10:33  Infested SCV x3  
  63  10:55  Infested Factory  
  53  11:01  Stukov Vehicle and Ship Armor Level 1  
  53  11:07  Saturated Cultures  
  53  11:13  Infested Diamondback  
  56  11:33  Infested Diamondback x2  
  62  11:43  Infested SCV  
  62  11:44  Infested SCV x3  
  66  11:50  Infested Refinery  
  66  12:39  Stukov Infantry Armor Level 2, Infested Bunker  
  70  12:40  Infested SCV x4  
  74  14:01  Infested Barracks  
  74  14:17  Infested Marine  
  74  14:18  Infested Marine x9  
  84  14:31  Infested Marine  
  84  14:32  Infested Marine x2  
  84  15:08  Infested Diamondback x3  
  84  15:09  Infested Diamondback x5  
  102  15:10  Infested Diamondback x2  
  112  15:30  Infested Bunker  
  112  15:31  Infested SCV x2  
  112  15:36  Infested Refinery  
  112  15:39  Stukov Vehicle and Ship Weapons Level 2  
  107  15:49  Stukov Infantry Weapons Level 3  
  104  16:28  Infested Diamondback  
  104  16:29  Infested Diamondback x3  
  116  16:30  Overlord x3  
  116  16:31  Overlord x2  
  106  17:05  Aggressive Incubation  
  106  17:43  Infested Marine  
  106  17:44  Infested Marine x12  
  106  17:45  Infested Marine x7  
  126  17:52  Overlord  
  126  17:53  Overlord x4  
  126  18:37  Infested Diamondback  
  126  18:38  Infested Diamondback x6  
  147  18:40  Infested Marine x4  
  147  18:41  Infested Marine x16  
  147  18:49  Stukov Vehicle and Ship Armor Level 2  
  143  19:48  Infested Diamondback x3  
  143  19:49  Infested Diamondback x4  
  160  19:50  Infested Diamondback  
  151  20:01  Infested Marine  
  151  20:02  Infested Marine x19  
  171  20:12  Infested Diamondback x2  
  168  20:37  Stukov Infantry Armor Level 3  
  167  20:43  Overseer  
  167  20:44  Overseer x5  
  167  20:45  Overseer  
  167  20:59  Infested Marine  
  159  21:00  Infested Marine x10  
  159  21:01  Infested Marine x9  
  159  21:45  Infested Diamondback x2  
  159  21:46  Infested Diamondback x4  
  159  21:47  Infested Diamondback x3  
  177  21:59  Stukov Vehicle and Ship Weapons Level 3  
  154  22:41  Infestation Level 3  
  158  22:57  Infested Bunker  
  158  22:59  Infested Diamondback x5  
  173  23:00  Infested Diamondback x2  
  179  23:35  Infested Diamondback x4  
  191  24:41  Anaerobic Enhancement  
  188  25:20  Infested Marine  
  188  25:21  Infested Marine x9  
  195  26:18  Infested Diamondback  
  195  26:19  Infested Diamondback x3  
  182  26:50  Infested Marine  
  182  26:51  Infested Marine x15  
  192  27:53  Infested Diamondback  
  192  27:54  Infested Diamondback  
  155  28:37  Infested Marine  
  155  28:38  Infested Marine x4  
  155  28:39  Infested Marine x15  
  133  28:58  Infested Marine  
  133  28:59  Infested Marine x7  
  141  29:03  Infested Marine  
  141  29:04  Infested Marine  
Tags
 
Add a new tag
Caveats
  • Supply blocks, unpowered buildings, or Contaminate may cause inaccurate times.
  • Supply counts are checked every 10 seconds.